Map: Lost and Found LE

Players

PacMaN - Winner!

  • Race: Protoss Protoss
  • League: Grandmaster
  • Spawn Location: 7:00

Remember

  • Race: Zerg Zerg
  • League: Diamond
  • Spawn Location: 1:00

VOD

Have the link to the VOD?

Description

me vs rotti

Time

  • Played on: Oct. 19, 2018, 1:39 p.m.
  • Length: 12:29
Show
View Real Time Build Order
Export as new Build Order

PacMaN Protoss - Winner!

Build Orders: Nexus First 

Get SALT Encoding   

  12  0:04  Probe  
  13  0:17  Probe  
  13  0:19  Pylon  
  14  0:28  Probe  
  15  0:36  Probe  
  16  0:44  Probe  
  17  1:02  Nexus  
  17  1:10  Gateway  
  17  1:11  Probe  
  18  1:19  Probe  
  18  1:22  Assimilator  
  19  1:28  Assimilator  
  19  1:30  Probe  
  20  1:40  Pylon  
  20  1:42  Probe  
  21  1:54  Probe  
  21  1:58  Cybernetics Core  
  21  2:01  Zealot  
  24  2:02  Probe  
  25  2:10  Probe x2  
  27  2:19  Probe  
  27  2:20  Probe  
  28  2:23  Warp Gate  
  28  2:28  Probe  
  29  2:33  Probe  
  29  2:36  Twilight Council  
  31  2:39  Adept  
  33  2:44  Probe  
  33  2:47  Probe  
  35  2:56  Probe  
  36  2:59  Probe  
  37  3:06  Shield Battery  
  37  3:08  Adept  
  37  3:09  Probe  
  37  3:11  Probe  
  37  3:12  Resonating Glaives  
  41  3:21  Probe  
  41  3:23  Pylon, Probe  
  43  3:29  Gateway  
  43  3:32  Gateway  
  43  3:33  Probe  
  44  3:35  Probe  
  44  3:41  Adept  
  47  3:44  Pylon  
  47  3:45  Probe  
  48  3:49  Probe  
  49  3:57  Probe  
  49  4:01  Probe  
  51  4:03  Nexus  
  51  4:10  Pylon  
  51  4:15  Pylon  
  51  4:16  Probe x2  
  53  4:26  Adept  
  53  4:27  Adept x2  
  53  4:28  Probe  
  60  4:35  Probe  
  60  4:37  Assimilator  
  61  4:40  Stargate  
  61  4:42  Stargate  
  61  4:43  Probe  
  61  4:45  Assimilator  
  62  4:47  Assimilator, Probe  
  62  4:52  Protoss Air Weapons Level 1  
  63  4:55  Dark Shrine  
  63  4:56  Probe  
  64  5:00  Probe  
  65  5:08  Probe  
  65  5:12  Probe  
  65  5:14  Void Ray  
  67  5:21  Probe  
  66  5:25  Probe  
  67  5:39  Gateway, Probe x2  
  67  5:40  Probe  
  67  5:42  Void Ray  
  64  5:45  Pylon  
  64  5:46  Assimilator  
  64  5:47  Gateway  
  64  5:48  Forge  
  64  5:49  Pylon  
  64  5:50  Pylon  
  64  5:51  Pylon, Probe  
  64  5:55  Probe, Shield Battery  
  70  5:57  Pylon  
  70  5:59  Void Ray  
  70  6:00  Probe  
  70  6:01  Pylon  
  70  6:03  Probe  
  72  6:07  Probe  
  77  6:12  Probe  
  77  6:13  Void Ray  
  78  6:21  Photon Cannon  
  78  6:23  Probe  
  78  6:25  Sentry  
  81  6:30  Void Ray  
  85  6:35  Probe  
  85  6:36  Probe  
  85  6:43  Probe  
  85  6:44  Void Ray  
  90  6:48  Probe x2  
  92  6:57  Nexus  
  92  6:59  Pylon  
  92  7:00  Pylon, Void Ray  
  96  7:02  Assimilator  
  96  7:11  Probe  
  96  7:15  Void Ray  
  101  7:19  Assimilator  
  101  7:33  Charge  
  101  7:37  Void Ray  
  101  7:39  Stargate  
  101  7:40  Pylon  
  105  7:46  Zealot x4  
  105  7:47  Zealot  
  105  7:50  Void Ray  
  115  8:04  Photon Cannon  
  93  8:14  Dark Templar x3, Void Ray  
  93  8:15  Dark Templar  
  94  8:20  Void Ray  
  100  8:28  Probe x2  
  100  8:29  Probe x2  
  100  8:30  Void Ray  
  100  8:33  Dark Templar  
  110  8:40  Probe x2  
  112  8:43  Probe  
  112  8:45  Photon Cannon  
  112  8:48  Void Ray  
  113  8:50  Probe  
  113  8:52  Probe  
  113  8:53  Probe  
  116  9:01  Zealot x3  
  120  9:03  Zealot  
  120  9:05  Void Ray  
  120  9:07  Zealot  
  126  9:14  Void Ray  
  120  9:23  Zealot  
  118  9:24  Adept x2  
  118  9:26  Probe x2  
  124  9:35  Void Ray  
  128  9:40  Probe x2  
  126  9:49  Dark Templar x4, Protoss Ground Weapons Level 1  
  126  9:58  Void Ray  
  116  10:00  Void Ray  
  116  10:01  Protoss Air Armor Level 1  
  120  10:08  Dark Templar  
  122  10:14  Archon x2  
  122  10:18  Gateway  
  122  10:19  Gateway  
  122  10:25  Void Ray  
  122  10:28  Zealot  
  128  10:29  Zealot  
  128  10:30  Zealot  
  128  10:34  Zealot  
  128  10:45  Dark Templar, Void Ray  
  120  10:51  Dark Templar x2, Void Ray  
  120  10:54  Zealot x2  
  127  10:59  Void Ray  
  111  11:11  Probe  
  111  11:12  Probe  
  111  11:14  Probe  
  111  11:15  Dark Templar  
  111  11:18  Probe  
  117  11:21  Void Ray  
  121  11:33  Assimilator  
  121  11:34  Photon Cannon  
  121  11:37  Photon Cannon  
  121  11:40  Photon Cannon  
  125  11:55  Adept  
  125  11:56  Adept  
  125  11:57  Dark Templar  
  125  11:58  Dark Templar x2  
  125  11:59  Adept x2  
  125  12:00  Probe  
  125  12:01  Probe  
Show
View Real Time Build Order
Export as new Build Order

Remember Zerg 

Build Orders: Hatch First 

Get SALT Encoding   

  12  0:08  Overlord  
  12  0:13  Drone  
  13  0:17  Drone  
  14  0:27  Drone  
  15  0:31  Drone  
  16  0:41  Drone  
  17  0:52  Hatchery  
  17  0:56  Drone  
  17  1:02  Drone  
  18  1:10  Extractor  
  17  1:16  Spawning Pool  
  17  1:18  Drone  
  17  1:24  Drone  
  18  1:34  Drone  
  19  1:45  Overlord  
  19  1:57  Drone  
  20  2:02  Queen  
  20  2:05  Zergling x2, Queen  
  20  2:07  Zergling x2  
  26  2:11  Metabolic Boost  
  26  2:16  Drone  
  26  2:18  Drone  
  28  2:35  Drone, Hatchery  
  28  2:38  Drone  
  29  2:45  Queen  
  31  2:51  Overlord  
  31  2:54  Drone  
  31  2:55  Drone  
  33  2:58  Drone  
  33  3:01  Drone  
  33  3:04  Drone  
  36  3:12  Drone x2  
  38  3:20  Drone  
  38  3:21  Queen  
  38  3:22  Drone  
  38  3:24  Drone  
  38  3:25  Overlord  
  43  3:28  Zergling x2  
  44  3:39  Overlord  
  44  3:41  Lair  
  44  3:46  Roach Warren  
  44  3:47  Drone x2  
  45  3:53  Drone x2  
  45  3:54  Zergling x2  
  47  3:57  Drone x2  
  47  4:01  Drone x3  
  52  4:05  Queen  
  54  4:15  Drone x2  
  54  4:16  Extractor  
  55  4:19  Extractor  
  55  4:21  Drone  
  55  4:22  Drone  
  55  4:23  Overlord  
  57  4:24  Drone x3  
  57  4:29  Drone x2  
  60  4:35  Overlord  
  60  4:36  Drone x3  
  60  4:37  Overlord  
  63  4:40  Glial Reconstitution  
  63  4:43  Roach  
  63  4:44  Roach  
  67  4:47  Roach  
  67  4:51  Roach x2  
  73  4:54  Overlord  
  73  4:56  Overlord  
  73  5:00  Roach x2  
  73  5:04  Roach  
  79  5:12  Roach x3  
  79  5:13  Roach  
  81  5:25  Drone x3  
  81  5:26  Roach, Drone x2  
  81  5:27  Drone x2  
  82  5:39  Queen  
  84  5:45  Drone x6  
  84  5:49  Hydralisk Den  
  89  5:52  Evolution Chamber  
  89  5:53  Evolution Chamber  
  89  5:55  Drone x2, Extractor  
  89  5:56  Extractor  
  87  6:00  Roach x2  
  87  6:02  Drone x3  
  94  6:08  Drone x3  
  94  6:11  Drone  
  98  6:12  Overlord  
  98  6:13  Overlord  
  98  6:17  Overlord  
  98  6:22  Muscular Augments  
  98  6:23  Zerg Missile Weapons Level 1  
  98  6:24  Zerg Ground Armor Level 1  
  94  6:46  Hatchery, Hydralisk x2  
  93  6:49  Hydralisk x4  
  93  6:51  Hydralisk  
  103  6:58  Drone x2  
  103  6:59  Overlord x2, Hydralisk x2  
  109  7:04  Extractor  
  109  7:05  Drone x3  
  109  7:06  Drone  
  112  7:08  Hydralisk  
  112  7:10  Hydralisk  
  112  7:13  Hydralisk  
  118  7:16  Hydralisk  
  118  7:26  Hydralisk x3  
  122  7:32  Hydralisk  
  122  7:33  Hydralisk  
  126  7:39  Drone  
  126  7:40  Drone x8  
  135  7:45  Lurker Den, Hydralisk  
  135  7:47  Overlord x2  
  130  7:59  Hydralisk x2  
  130  8:00  Hydralisk x2  
  130  8:02  Hydralisk x2  
  132  8:06  Hydralisk  
  132  8:08  Hydralisk  
  130  8:17  Hydralisk x2  
  130  8:19  Hydralisk  
  128  8:20  Drone  
  128  8:21  Drone x6  
  128  8:23  Extractor x2  
  125  8:29  Infestation Pit  
  125  8:30  Overseer x2  
  121  8:34  Zergling x10  
  121  8:35  Zergling x8  
  121  8:39  Baneling Nest  
  121  8:40  Grooved Spines  
  128  8:47  Hydralisk x2  
  132  8:51  Hydralisk  
  132  8:54  Hatchery  
  132  8:55  Zergling x6  
  134  8:56  Zergling x4  
  130  9:15  Hydralisk x3  
  130  9:16  Overlord  
  135  9:17  Drone x2  
  117  9:28  Hydralisk x7  
  117  9:29  Hydralisk x3  
  117  9:30  Zergling x2  
  136  9:31  Zergling x4  
  136  9:35  Hydralisk  
  136  9:36  Zerg Missile Weapons Level 2  
  137  9:42  Zerg Ground Armor Level 2  
  131  9:48  Overlord  
  131  9:51  Hydralisk x3  
  133  9:53  Zergling x2  
  134  10:03  Zergling x2  
  134  10:04  Zergling x18  
  134  10:06  Centrifical Hooks  
  144  10:15  Spire  
  144  10:17  Zergling x14  
  144  10:18  Baneling  
  144  10:19  Baneling x3  
  150  10:21  Baneling  
  150  10:22  Baneling x3  
  150  10:23  Zergling x2  
  150  10:25  Overlord  
  150  10:26  Overlord  
  151  10:34  Baneling x6  
  151  10:35  Zergling x2  
  152  10:36  Zergling x8  
  152  10:42  Zergling x10  
  153  10:43  Zergling x4  
  153  10:44  Hydralisk  
  146  10:59  Hydralisk x3  
  146  11:00  Drone x2, Overlord x2, Hydralisk x2  
  156  11:05  Hydralisk x2  
  156  11:09  Zergling x2  
  156  11:10  Zergling x4  
  136  11:11  Overlord x2  
  136  11:12  Overseer  
  136  11:13  Overseer  
  117  11:19  Hydralisk  
  117  11:20  Hydralisk x2  
  117  11:22  Hydralisk  
  117  11:25  Queen  
  124  11:28  Extractor  
  124  11:30  Hydralisk x2  
  124  11:31  Hydralisk  
  131  11:34  Hydralisk  
  131  11:35  Extractor  
  132  11:44  Hydralisk x3  
  132  11:46  Hydralisk x3  
  129  11:48  Hydralisk  
  129  11:50  Hydralisk  
  129  11:53  Hydralisk  
  127  11:54  Hydralisk  
  127  11:58  Hydralisk  
  127  12:01  Hydralisk  
  124  12:11  Overlord x2  
Tags
 
Add a new tag
Caveats
  • Supply blocks, unpowered buildings, or Contaminate may cause inaccurate times.
  • Supply counts are checked every 10 seconds.